 Dungeon Crawl Stone Soup version 0.29.1-1-gd02db6906a (webtiles) character file.

Game seed: 6353494205154555378

9 Colgate the Chiller (level 2, -2/22 HPs)
             Began as a Barachi Ice Elementalist on Oct 14, 2022.
             Slain by a gnoll
             ... wielding a +0 club
              (4 damage)
             ... on level 1 of the Dungeon.
             The game lasted 00:01:34 (307 turns).

Colgate the Chiller (Barachi Ice Elementalist)       Turns: 307, Time: 00:01:35

Health: -2/22      AC:  2    Str:  9    XL:     2   Next: 12%
Magic:  0/5        EV: 12    Int: 15    God:
Gold:   45         SH:  0    Dex: 12    Spells: 4/5 levels left

rFire   . . .      SeeInvis .   (no weapon)
rCold   . . .      Faith    .   (no shield)
rNeg    . . .      Spirit   .   a - +0 robe
rPois   .          Reflect  .   (no helmet)
rElec   .          Harm     .   (no cloak)
rCorr   .          Rampage  .   (no gloves)
Will    .....                   (no boots)
Stlth   ++........              (no amulet)
HPRegen 0.07/turn               (no ring)
MPRegen 0.09/turn               (no ring)

@: unable to hop, slow
A: amphibious, slowness 1, strong legs 1, +LOS
a: Hop


You were on level 1 of the Dungeon.
You visited 1 branch of the dungeon, and saw 1 of its levels.

You collected 45 gold pieces.

Inventory:

Armour
 a - a +0 robe (worn)
Potions
 b - a potion of magic


   Skills:
 + Level 2.1 Fighting
 - Level 2.1 Dodging
 - Level 1.7 Stealth
 - Level 2.1 Spellcasting
 - Level 4.8 Ice Magic


You had 4 spell levels left.
You knew the following spells:

 Your Spells              Type           Power      Damage    Failure   Level
a - Freeze                Ice            64%        1d8       3%          1

Your spell library contained the following spells:

 Spells                   Type           Power      Damage    Failure   Level
 Frozen Ramparts          Ice            32%        1d5       9%          3
 Ozocubu's Armour         Ice            16%        N/A       9%          3
 Hailstorm                Conj/Ice       8%         3d4       63%         4


Dungeon Overview and Level Annotations

Branches:
Dungeon (1/15)

Altars:

Shops:
D:1 *


Innate Abilities, Weirdness & Mutations

You are amphibious.
You cover ground slowly.
You can hop short distances.
You have an extended range of vision and can be seen from far away.


Message History

Aiming: Freeze (safe; 3% risk of failure)
Aim: an endoplasm
Okay, then.
Hop to where?
Boing!
The kobold throws a stone.
The stone misses you.
The kobold throws a stone.
The stone hits you but does no damage.
Casting: Freeze (safe; 3% risk of failure)
Aiming: Freeze (safe; 3% risk of failure)
Aim: an endoplasm You freeze the endoplasm.
You kill the endoplasm!
The kobold throws a stone.
The stone hits you.
The kobold throws a stone.
The stone hits you.
Casting: Freeze (safe; 3% risk of failure)
Aiming: Freeze (safe; 3% risk of failure)
Aim: a gnoll, wielding a +0 club You freeze the gnoll.
The gnoll barely misses you.
You closely miss the gnoll. The gnoll closely misses you.
Casting: Freeze (safe; 3% risk of failure)
Aiming: Freeze (safe; 3% risk of failure)
Aim: a gnoll, wielding a +0 club (moderately wounded)
You freeze the gnoll. The gnoll hits you with a +0 club.
The endoplasm closely misses you.
You closely miss the gnoll. The gnoll barely misses you.
The endoplasm freezes you.
You are frozen.
You hit the gnoll but do no damage. The gnoll barely misses you.
The endoplasm hits you.
You barely miss the gnoll. The gnoll hits you with a +0 club.
* * * LOW HITPOINT WARNING * * *
The endoplasm freezes you.
You are frozen.
* * * LOW HITPOINT WARNING * * *
You hit the gnoll. The gnoll barely misses you.
The endoplasm closely misses you.
You hit the gnoll but do no damage. The gnoll closely misses you.
The endoplasm hits you but does no damage.
You barely miss the gnoll. The gnoll hits you with a +0 club.
You die...

######### ### #
#.......# #.. .
#.......# #.# # #..#
#..# #.###
######..###..###....
#..................#
#........#..######.#
#...J..............#
#..@gK.......###...#
######+#........)...
###+#.......#....
#.........#.#....
#.........#.##...
#.........#.....#
#.........#.....#
#.........#.....#
#.....#####.....+


You could see a gnoll, an endoplasm and a kobold.

Vanquished Creatures
  A dart slug (D:1)
  A bat (D:1)
  An endoplasm (D:1)
  A jackal (D:1)
  A kobold (D:1)
  A ball python (D:1)
6 creatures vanquished.

Notes
Turn   | Place    | Note
-------+----------+-------------------------------------------
     0 | D:1      | Colgate the Barachi Ice Elementalist began the quest for
                  | the Orb.
     0 | D:1      | Reached XP level 1. HP: 13/13 MP: 3/3
    92 | D:1      | Found Xosoyta's General Store.
   110 | D:1      | Reached skill level 1 in Fighting
   282 | D:1      | Reached XP level 2. HP: 17/22 MP: 1/5
   307 | D:1      | Slain by a gnoll

Illustrated notes

Levels and vault maps discovered:
D:1:      kennysheep_arrival_seaside, layout_basic, serial_shops,
          nicolae_shop_stone, nicolae_shop_stone, nicolae_shop_advertising_works
          [nicolae_subvault_shop_adworks], chequers_serial_rivers_room_a,
          minmay_hexomino_c4

Skill      XL: |  1 |
---------------+----+-----
Fighting       | 2 |  2.1
Dodging        | |  2.1
Stealth        | |  1.7
Spellcasting   | |  2.1
Ice Magic      | |  4.8

Action                   || total
-------------------------++-------
Melee: Unarmed           ||     8
 Cast: Freeze            ||    10
 Abil: Hop               ||     1
Armor: Robe              ||     4
Dodge: Dodged            ||    14
